 Dungeon Crawl Stone Soup version 0.29.1-2-gbd0b4ee654 (webtiles) character file.

Game seed: 10341891251238639187

1290 Earthwalker the Shield-Bearer (level 8, -4/73 HPs)
             Began as a Minotaur Fighter on Oct 27, 2022.
             Was a Follower of Okawaru.
             Succumbed to an orc wizard's poison
             ... on level 1 of the Abyss.
             The game lasted 00:09:03 (4462 turns).

Earthwalker the Shield-Bearer (Minotaur Fighter)    Turns: 4462, Time: 00:09:04

Health: -4/73      AC: 12    Str: 24    XL:     8   Next: 30%
Magic:  7/7        EV:  9    Int:  5    God:    Okawaru [*.....]
Gold:   230        SH:  5    Dex:  9    Spells: 7/7 levels left

rFire   . . .      SeeInvis .   a - +0 war axe
rCold   . . .      Faith    .   c - +0 buckler
rNeg    . . .      Spirit   .   b - +0 scale mail
rPois   .          Reflect  .   y - +1 hat
rElec   .          Harm     .   m - scarf {repulsion}
rCorr   .          Rampage  .   (no gloves)
Will    .....                   u - +2 pair of boots
Stlth   ..........              (no amulet)
HPRegen 0.22/turn               (no ring)
MPRegen 0.10/turn               (no ring)

@: lethally poisoned (-4 -> -26), attractive, repel missiles
A: horns 2, retaliatory headbutt
a: Renounce Religion, Heroism


You were on level 1 of the Abyss.
You worshipped Okawaru.
Okawaru was aware of your devotion.
You visited 2 branches of the dungeon, and saw 6 of its levels.
You visited the Abyss 1 time.

You collected 230 gold pieces.

Inventory:

Hand Weapons
 a - a +0 war axe (weapon)
 v - a +1 hand axe of electrocution
Missiles
 o - 10 poisoned darts (quivered)
 x - 2 boomerangs
Armour
 b - a +0 scale mail (worn)
 c - a +0 buckler (worn)
 m - a scarf of repulsion (worn)
 p - a scarf of repulsion
 u - a +2 pair of boots (worn)
 y - a +1 hat (worn)
Jewellery
 t - a ring of flight
Wands
 h - a wand of iceblast (8)
Scrolls
 g - 4 scrolls of teleportation
 j - 2 scrolls of blinking {unknown}
 k - 2 scrolls of identify {unknown}
 l - a scroll of fog {unknown}
 s - a scroll of amnesia {unknown}
 w - a scroll of torment {unknown}
Potions
 d - 3 potions of might
 e - 2 potions of curing
 f - 2 potions of attraction
 n - a potion of brilliance {unknown}
 q - a potion of flight {unknown}
 r - a potion of degeneration {unknown}


   Skills:
 + Level 7.0 Fighting
 + Level 6.4 Axes
 + Level 7.0 Armour
 + Level 7.0 Shields


You had 7 spell levels left.
You didn't know any spells.
Your spell library contained the following spells:

 Spells                   Type           Power      Damage    Failure   Level
 Freeze                   Ice            0%         1d3       83%         1
 Frozen Ramparts          Ice            0%         1d1       99%         3
 Hailstorm                Conj/Ice       0%         3d3       100%        4


Dungeon Overview and Level Annotations

Branches:
Dungeon (5/15)             Temple (1/1) D:4

Altars:
Ashenzari
Cheibriados
Dithmenos
Elyvilon
Fedhas
Gozag
Hepliaklqana
Okawaru
Qazlal
Ru
Sif Muna
Trog
Wu Jian
Xom
Zin
The Shining One

Shops:
D:1 (

Annotations:
D:5 3 runed translucent doors, BlackCrag's ghost, novice DECj


Innate Abilities, Weirdness & Mutations

You have a pair of horns on your head.
You reflexively headbutt those who attack you in melee.


Message History

* * * LOW HITPOINT WARNING * * *
You feel very sick. Something hits you but does no damage.
You are more poisoned.
You hit something.
* * * LOW HITPOINT WARNING * * *
You feel very sick. You block something's attack.
You feel much better.
You feel very sick. Something hits you but does no damage.
You hit something but do no damage.
You feel very sick. Something hits you but does no damage.
An orc comes into view.
It is wielding a +2 falchion of distortion.
Something hits you. The orc is attracted toward you.
Something hits you but does no damage.
You are more poisoned.
* * * LOW HITPOINT WARNING * * *
You feel very sick.
The orc shouts!
You hear a shout! x2
You hit something. Your headbutt misses something.
* * * LOW HITPOINT WARNING * * *
You feel very sick.
BlackCrag's ghost whispers, "Death is liberation."
Something hits you but does no damage.
You are lethally poisoned!
The orc is attracted toward you.
You miss something. You hit the orc.
* * * LOW HITPOINT WARNING * * *
You feel extremely sick. Something hits you but does no damage.
You are more poisoned.
An orc wizard comes into view. It is wielding a +0 dagger.
The orc hits you with a +2 falchion of distortion!
* * * LOW HITPOINT WARNING * * *
You are cast into the Abyss!
This branch contains the abyssal rune of Zot.
Reactivating autopickup.
You die...

.....# #.
.....## ... .
.....# ..#. ..
....###..#. ...
....#.....
....###.........
......#.........
................
.......@##......
..#.#...# ...#.
##..# .... #..#
### .... .....
..... .......


There were no monsters in sight!

Vanquished Creatures
  Pargi (D:4)
  A black bear (D:4)
  An ogre (D:5)
  A centaur (D:5)
  2 phantoms (D:5)
  3 scorpions
  A necrophage (D:4)
  A gnoll bouda (D:5)
  An orc priest (D:5)
  3 hounds (D:5)
  3 iguanas (D:5)
  Natasha (D:3)
  2 orc wizards
  3 gnolls (D:5)
  7 adders
  2 shadow imps (D:4)
  4 white imps (D:4)
  4 ufetubi (D:4)
  2 worms
  3 dart slugs
  6 orcs (D:5)
  8 ball pythons
  6 endoplasms
  4 giant cockroaches
  9 goblins
  9 hobgoblins
  10 bats
  4 frilled lizards
  10 kobolds
  3 rats
115 creatures vanquished.

Vanquished Creatures (others)
  4 demonic plants (D:4)
  10 plants (D:3)
14 creatures vanquished.

Grand Total: 129 creatures vanquished

Notes
Turn   | Place    | Note
-------+----------+-------------------------------------------
     0 | D:1      | Earthwalker the Minotaur Fighter began the quest for the
                  | Orb.
     0 | D:1      | Reached XP level 1. HP: 19/19 MP: 0/0
     7 | D:1      | You fall into a shaft and drop 1 floor!
    25 | D:2      | Reached XP level 2. HP: 25/27 MP: 1/1
   241 | D:2      | Reached XP level 3. HP: 33/33 MP: 2/2
   713 | D:1      | Found Ozxol's Weapon Emporium.
  1024 | D:1      | Reached XP level 4. HP: 40/40 MP: 3/3
  1333 | D:1      | Found a faded altar of an unknown god.
  1712 | D:3      | Found a snail-covered altar of Cheibriados.
  1937 | D:3      | Noticed Natasha
  1942 | D:3      | Killed Natasha
  2260 | D:4      | Found a staircase to the Ecumenical Temple.
  2269 | Temple   | Entered the Ecumenical Temple
  2439 | D:4      | Reached XP level 5. HP: 47/47 MP: 4/4
  2772 | D:4      | Reached skill level 5 in Armour
  2812 | D:4      | Noticed Pargi
  2823 | D:4      | Killed Pargi
  2824 | D:4      | Reached skill level 5 in Fighting
  2824 | D:4      | Reached skill level 5 in Shields
  2824 | D:4      | Reached XP level 6. HP: 36/56 MP: 5/5
  3077 | D:4      | Found an ornate altar of the Wu Jian Council.
  3265 | D:4      | Reached skill level 5 in Axes
  3436 | D:4      | Reached XP level 7. HP: 55/62 MP: 6/6
  3579 | D:5      | Entered Level 5 of the Dungeon
  3706 | D:5      | Found an iron altar of Okawaru.
  3743 | D:5      | Became a worshipper of Warmaster Okawaru
  3853 | D:5      | Reached * piety under Okawaru
  4221 | D:5      | Found a shimmering altar of Xom.
  4235 | D:5      | Reached XP level 8. HP: 49/71 MP: 7/7
  4399 | D:5      | Found a runed translucent gate.
  4400 | D:5      | Found a runed translucent gate.
  4401 | D:5      | Found a runed translucent gate.
  4402 | D:5      | Noticed BlackCrag's ghost (novice DECj)
  4446 | D:5      | HP: 3/73 [poisoned by an orc wizard]
  4453 | D:5      | HP: 1/73 [poisoned by an orc wizard]
  4461 | D:5      | HP: 1/73 [orc/+2 falchion of distortion (7)]
  4461 | Abyss:1  | Cast into level 1 of the Abyss (orc)
  4462 | Abyss:1  | Succumbed to an orc wizard's poison

Illustrated notes

Levels and vault maps discovered:
D:1:      giann_bridges, layout_loops_ring,
          shapermc_ecumenical_altar_mp_vishouse, serial_shops, shop
D:2:      minmay_chambers_of_twos, layout_rooms
D:3:      layout_basic, slow_altar_1, serial_bayou_ford_a,
          kennysheep_big_empty_room, uniq_natasha
D:4:      layout_loops_ring, lemuel_round_altar,
          minmay_temple_entry_enclosed_plants, serial_demonic, serial_demonic_a,
          serial_demonic_e, serial_demonic_g, serial_demonic_c,
          serial_demonic_a, serial_demonic_g, uniq_pargi
D:5:      layout_cave_pools, old_standard_altar, lemuel_round_altar,
          gammafunk_ghost_necromancy, serial_shops, nicolae_shop_window_shopping
Temple:   nicolae_temple_hex_pool
Abyss:1:  base:
D:4

Skill      XL: |  1  2  3  4  5  6  7  8 |
---------------+-------------------------+-----
Armour         | 4 5 6 7 |  7.0
Shields        | 4 5 6 7 |  7.0
Fighting       | 4 5 6 7 |  7.0
Axes           | 3 4 5 6 |  6.4

Action                   |  1- 3 |  4- 6 |  7- 9 || total
-------------------------+-------+-------+-------++-------
Melee: War axe           |    70 |   128 |    80 ||   278
       Headbutt          |     5 |    18 |    11 ||    34
Throw: Dart              |       |     3 |     3 ||     6
  Use: Scroll            |       |       |     1 ||     1
       Potion            |       |       |     4 ||     4
Armor: Scale mail        |    43 |    80 |    57 ||   180
Dodge: Dodged            |    37 |    68 |    49 ||   154
       Repelled          |       |     3 |     1 ||     4
Block: Buckler           |    16 |    30 |    23 ||    69
